 Dungeon Crawl Stone Soup version 0.15-a0-2098-gc971301 (webtiles) character file.

56 Bubba the Stinger (level 3, -4/21 HPs)
             Began as an Octopode Venom Mage on July 14, 2014.
             Slain by an orc wizard
             ... wielding a +0 dagger
              (6 damage)
             ... on Level 3 of the Dungeon.
             The game lasted 00:10:03 (1479 turns).

Bubba the Stinger (Octopode Venom Mage)             Turns: 1479, Time: 00:10:06

HP  -4/21        AC  1     Str  7      XL: 3   Next: 97%
MP   0/6         EV 18     Int 18      God:
Gold 87          SH  0     Dex 17      Spells:  1 memorised,  6 levels left

rFire  . . .     SeeInvis .     x - +0 hunting sling
rCold  . . .     Clarity  .     (no shield)
rNeg   + . .     rCorr    .     (helmet restricted)
rPois  .         rRot     .     (no amulet)
rElec  .         Spirit   .     A - cursed ring of positive energy
SustAb .         Warding  .     (no ring)
rMut   .         Stasis   .     (no ring)
Gourm  .                        (no ring)
MR     .....                    (no ring)
                                (no ring)
                                (no ring)
                                (no ring)

@: agile, not resistant to hostile enchantments, stealthy
A: almost no armour, amphibious, 8 rings, constrict 8, camouflage 1, gelatinous
body 1
a: no special abilities


You were on level 3 of the Dungeon.
You were not hungry.

You visited 1 branch of the dungeon, and saw 3 of its levels.

You collected 87 gold pieces.

Inventory:

Hand weapons
 f - a +0 dagger
 h - a +0 whip
 u - a +0 hunting sling
 x - a +0 hunting sling (weapon)
Missiles
 d - 8 sling bullets of flame (quivered)
 i - 3 needles of sleeping
 q - 13 poisoned bolts
 r - 18 silver bolts
 y - 8 needles of slowing
Comestibles
 a - a beef jerky
 c - 2 bread rations
 j - 2 meat rations
 v - a chunk of bat flesh
 z - a chunk of bat flesh
 C - 2 chunks of hobgoblin flesh
Scrolls
 k - a scroll of immolation {unknown}
 p - 2 scrolls of amnesia {unknown}
 t - a scroll of remove curse
 w - a scroll of fear {unknown}
 B - a scroll of teleportation {unknown}
Jewellery
 m - an uncursed ring of see invisible
 A - a cursed ring of positive energy (left tentacle)
Potions
 g - a potion of magic {unknown}
 l - a potion of agility
 n - a potion of confusion {unknown}
 o - a potion of restore abilities {unknown}
 s - a potion of brilliance {unknown}
Books
 b - a Young Poisoner's Handbook

   Spells                             Type                      Level
   *Sting                             Conjuration/Poison           1
   Cure Poison                        Poison                       2
   Mephitic Cloud                     Conjuration/Poison/Air       3
   Olgreb's Toxic Radiance            Poison                       4
   Venom Bolt                         Conjuration/Poison           5


   Skills:
 - Level 2.0 Dodging
 - Level 2.6 Stealth
 + Level 2.6 Spellcasting
 + Level 1.2 Conjurations
 + Level 5.7 Poison Magic


You had 6 spell levels left.
You knew the following spells:

 Your Spells              Type           Power        Failure   Level  Hunger
a - Sting                 Conj/Pois      ##..         4%          1    #......


Dungeon Overview and Level Annotations

Branches:
Dungeon (3/15)

Altars:
Okawaru


Innate Abilities, Weirdness & Mutations

You cannot wear most types of armour.
You are amphibious.
You can wear up to eight rings at the same time.
You can use your tentacles to constrict many enemies at once.
Your skin changes colour to match your surroundings (Stealth).
Your rubbery body absorbs attacks (AC +1).


Message History

Drink which item? (? for menu, Esc to quit)
You feel agile all of a sudden.
It was a potion of agility.
The orc wizard hits you with a dagger.
* * * LOW HITPOINT WARNING * * *
The orc wizard barely misses you.
Drink which item? (? for menu, Esc to quit)
You feel better.
It was a potion of curing.
The orc wizard hits you with a dagger.
Casting: Sting
Confirm with . or Enter, or press ? or * to list all spells.
Aiming: Sting
Press: ? - help, Shift-Dir - straight line, f/p - orc wizard
Aim: an orc wizard, wielding a dagger and wearing a robe (moderately wounded, fast)
The sting hits the orc wizard.
The orc wizard is poisoned.
The orc wizard is moderately wounded.
The orc wizard points at you and mumbles some strange words.
The magic dart hits you!
* * * LOW HITPOINT WARNING * * *
The orc wizard hits you with a dagger.
You die...

#[......... ##.########..........
.....................
P......P..P.....P..P.
♣..P♣♣♣...♣♣♣P..♣♣♣. ♣...♣ ♣P..♣
♣P..♣ ♣P .P♣♣♣...♣♣♣...♣♣♣..P♣♣♣P
## #........PP.P..P....P.PPP .#
...[.)..@................ .#
..P...PoP..P..P........P. .#
..♣♣♣(..♣♣♣..P♣♣♣P..♣♣♣. .# ..P
♣P.P♣ ♣...♣ ♣..P♣ ♣. .#
..P♣♣♣..P♣♣♣..P♣♣♣..P♣♣♣P .#
#.P..PP..PP.P...P...P.P.. .#
##.............%.......... .#
.......P...P...PP.......P.
.########.P♣♣♣P.P♣♣♣...♣♣♣..P♣♣♣P


You could see an orc wizard.

Vanquished Creatures
  2 adders (D:2)
  4 giant geckos (D:1)
  2 orcs (D:3)
  7 bats
  2 goblins (D:1)
  4 hobgoblins
  3 jackals (D:1)
  A giant cockroach (D:1)
  4 giant newts
  3 kobolds
  5 rats (D:1)
37 creatures vanquished.

Notes
Turn   | Place    | Note
--------------------------------------------------------------
     0 | D:1      | Bubba, the Octopode Venom Mage, began the quest for the Orb.
     0 | D:1      | Reached XP level 1. HP: 11/11 MP: 3/3
   102 | D:1      | Reached skill level 5 in Poison Magic
   161 | D:1      | Reached XP level 2. HP: 15/17 MP: 0/4
   828 | D:1      | Reached XP level 3. HP: 21/21 MP: 0/6
  1082 | D:2      | Reached skill level 1 in Conjurations
  1446 | D:3      | Found an iron altar of Okawaru.
  1479 | D:3      | Slain by an orc wizard

Action                   || total
-------------------------++-------
Melee: Whip              ||    19
       Unarmed           ||     1
 Fire: Hunting sling     ||     2
 Cast: Sting             ||    63
  Use: Scroll            ||     1
       Potion            ||     2
  Eat: Chunk             ||     2
